 Dungeon Crawl Stone Soup version 0.21.1-1-g345015f (webtiles) character file.

103 FRamirez the Skirmisher (level 4, -13/37 HPs)
             Began as a Demonspawn Abyssal Knight on Mar 24, 2018.
             Was a Believer of Lugonu.
             Killed by divine providence
             ... invoked by an orc priest
              (15 damage)
             ... on level 3 of the Dungeon on Mar 25, 2018.
             The game lasted 00:23:46 (2004 turns).

FRamirez the Skirmisher (Demonspawn Abyssal Knight) Turns: 2004, Time: 00:23:47

Health: -13/37     AC:  8    Str: 14    XL:     4   Next: 51%
Magic:  5/6        EV: 11    Int: 18    God:    Lugonu [**....]
Gold:   157        SH:  3    Dex: 12    Spells: 2/3 levels left

rFire    + . .     SeeInvis .   a - +1 falchion
rCold    . . .     Gourm    .   q - +0 buckler
rNeg     . . .     Faith    .   i - +2 leather armour {rF+}
rPois    .         Spirit   .   (no helmet)
rElec    .         Reflect  .   (no cloak)
rCorr    .         Harm     .   (no gloves)
MR       .....                  (no boots)
Stlth    +.........             (no amulet)
HPRegen  0.12/turn              (no ring)
MPRegen  0.10/turn              (no ring)

@: brilliant
A: claws 1, thin metallic scales 2
a: Depart the Abyss, Bend Space, Renounce Religion


You were on level 3 of the Dungeon.
You worshipped Lugonu.
Lugonu was pleased with you.
You were not hungry.

You visited 1 branch of the dungeon, and saw 3 of its levels.
You visited the Abyss 1 time.

You collected 157 gold pieces.

Inventory:

Hand Weapons
 a - a +1 falchion (weapon)
 h - a +0 shortbow
Armour
 e - a +2 leather armour of fire resistance
 i - a +2 leather armour of fire resistance (worn)
 q - a +0 buckler (worn)
Scrolls
 o - 3 scrolls of identify
 p - a scroll of magic mapping {unknown}
Potions
 b - a potion of magic {unknown}
 d - a potion of mutation
 g - 3 potions of curing
 j - a potion of agility {unknown}
 l - a potion of heal wounds {unknown}
 m - a potion of berserk rage {unknown}
 n - 2 potions of lignification {unknown}
Books
 f - Hupeoh's Compendium of Venom
   (You found it on level 2 of the Abyss)

   Spells                             Type                      Level
   a - Sting                          Conjuration/Poison           1
   b - Olgreb's Toxic Radiance        Poison                       4
   c - Venom Bolt                     Conjuration/Poison           5
Comestibles
 c - 3 rations


   Skills:
 + Level 3.7 Fighting
 + Level 2.8 Long Blades
 + Level 2.2 Armour
 + Level 1.8 Dodging
 + Level 0.3 Stealth
 + Level 2.8 Invocations


You had 2 spell levels left.
You knew the following spells:

 Your Spells              Type           Power        Failure   Level  Hunger
a - Sting                 Conj/Pois      ##..         5%          1    ##.....


Dungeon Overview and Level Annotations

Branches:
Dungeon (3/15)

Altars:

Annotations:
D:3 Ijyb


Innate Abilities, Weirdness & Mutations

You have sharp fingernails.
You are mostly covered in thin metallic scales. (AC +3)


Message History

The giant cockroach bites you but does no damage.
The orc priest hits you but does no damage.
Ijyb hits you but does no damage. The giant cockroach closely misses you.
You slash Ijyb!
Ijyb is severely wounded.
The orc priest mumbles some strange prayers to Beogh against you.
Beogh smites you! Ijyb hits you with a trident.
* * * LOW HITPOINT WARNING * * *
The giant cockroach bites you but does no damage.
It was a potion of brilliance.
You feel clever all of a sudden.
The orc priest begins to cast a cantrip, but forgets the words!
The giant cockroach bites you.
* * * LOW HITPOINT WARNING * * *
Ijyb hits you but does no damage. Space bends around you!
You blink.
You block Ijyb's attack.
Found 23 stones.
The orc priest mumbles some strange prayers to Beogh against you.
Beogh smites you!
You die...

.
###.#...#.#.##....
#........#... ..#
##.#...#.##### ##
#[.#....#
##.#..§o# #....sg#
##.....# #.....#
#...@.# #.....#
#.....# ####.##
..( ..# ..# #?##


You could see Ijyb, an orc priest and a giant cockroach.

Vanquished Creatures
  An orc wizard (D:2)
  3 adders (D:2)
  A worm (D:2)
  3 orcs (D:2)
  3 bats (D:2)
  3 giant cockroaches
  6 hobgoblins
  5 kobolds
  3 quokkas
  2 frilled lizards
  A giant cockroach zombie (D:2)
  6 goblins
  10 rats
47 creatures vanquished.

Notes
Turn   | Place    | Note
-------+----------+-------------------------------------------
     0 | Abyss:1  | FRamirez the Demonspawn Abyssal Knight began the quest for the Orb.
     0 | Abyss:1  | Reached XP level 1. HP: 18/18 MP: 2/2
    34 | Abyss:1  | Noticed a neqoxec
    41 | Abyss:2  | Identified Hupeoh's Compendium of Venom
    75 | Abyss:2  | Noticed a ynoxinul
    76 | D:1      | Escaped the Abyss
   418 | D:1      | Gained mutation: You have sharp fingernails. [demonic ancestry]
   418 | D:1      | Reached XP level 2. HP: 22/24 MP: 4/4
   435 | D:1      | Reached * piety under Lugonu
   870 | D:2      | Learned a level 1 spell: Sting
  1000 | D:2      | Gained mutation: You are partially covered in thin metallic scales. (AC +2) [demonic ancestry]
  1000 | D:2      | Reached XP level 3. HP: 20/29 MP: 5/5
  1217 | D:2      | Reached skill level 1 in Dodging
  1520 | D:2      | Gained mutation: You are mostly covered in thin metallic scales. (AC +3) [demonic ancestry]
  1520 | D:2      | Reached XP level 4. HP: 33/37 MP: 3/6
  1790 | D:3      | Noticed Ijyb
  1819 | D:2      | Reached ** piety under Lugonu
  2004 | D:3      | Killed from afar by an orc priest

Skill      XL: |  1  2  3 |
---------------+----------+-----
Long Blades    | 2 |  2.8
Armour         | 2 |  2.2
Dodging        | 1 |  1.8
Fighting       | |  3.7
Stealth        | |  0.3
Invocations    | |  2.8

Action                   |  1- 3 |  4- 6 || total
-------------------------+-------+-------++-------
Melee: Falchion          |    88 |    35 ||   123
 Cast: Sting             |    10 |     6 ||    16
Invok: Depart the Abyss  |     1 |       ||     1
       Bend Space        |       |     1 ||     1
  Use: Scroll            |     5 |     1 ||     6
       Potion            |       |     1 ||     1
  Eat: Chunk             |     1 |     2 ||     3
       Ration            |       |     1 ||     1
Armor: Leather armour    |    25 |    43 ||    68
Dodge: Dodged            |    73 |    25 ||    98
Block: Buckler           |       |     6 ||     6
       Rpst.: Falchion   |    27 |     7 ||    34
